 Dungeon Crawl Stone Soup version 0.28.0 (webtiles) character file.

Game seed: 12297617592478156348

483 AmazingTV the Covered (level 6, -6/56 HPs)
             Began as a Minotaur Fighter on June 27, 2022.
             Mangled by an ogre (24 damage)
             ... on level 3 of the Dungeon.
             The game lasted 00:11:18 (4000 turns).

AmazingTV the Covered (Minotaur Fighter)            Turns: 4000, Time: 00:11:19

Health: -6/56      AC:  7    Str: 21    XL:     6   Next: 87%
Magic:  6/6        EV:  9    Int:  5    God:
Gold:   114        SH:  4    Dex: 11    Spells: 5/5 levels left

rFire   . . .      SeeInvis .   a - +0 war axe
rCold   . . .      Faith    .   c - +0 buckler
rNeg    . . .      Spirit   .   f - +0 scale mail
rPois   .          Reflect  .   (helmet restricted)
rElec   .          Harm     .   (no cloak)
rCorr   .          Rampage  .   (no gloves)
Will    .....                   (no boots)
Stlth   ..........              (no amulet)
HPRegen 0.18/turn               (no ring)
MPRegen 0.10/turn               (no ring)

@: no status effects
A: horns 2, retaliatory headbutt
a: no special abilities


You were on level 3 of the Dungeon.
You visited 1 branch of the dungeon, and saw 4 of its levels.

You collected 114 gold pieces.

Inventory:

Hand Weapons
 a - a +0 war axe (weapon)
 b - a +0 hand crossbow
 e - a +0 hand axe
 k - a +0 arbalest
Missiles
 i - 56 stones (quivered)
 s - a throwing net
Armour
 c - a +0 buckler (worn)
 f - a +0 scale mail (worn)
 u - a +0 kite shield
Wands
 v - a wand of flame (1)
Scrolls
 g - 3 scrolls of vulnerability {unknown}
 h - 3 scrolls of fear {unknown}
 m - 3 scrolls of identify {unknown}
 n - a scroll of immolation {unknown}
 o - a scroll of magic mapping {unknown}
 r - a scroll of acquirement {unknown}
 t - a scroll of amnesia {unknown}
Potions
 d - a potion of might
 j - a potion of lignification {unknown}
 l - 2 potions of flight {unknown}
 p - a potion of curing
 q - 2 potions of brilliance {unknown}


   Skills:
 + Level 5.0 Fighting
 + Level 4.2(4.8) Axes
 + Level 3.4(4.4) Maces & Flails
 + Level 2.5 Crossbows
 + Level 5.0 Armour
 - Level 3.8 Shields
 + Level 2.6 Invocations


You had 5 spell levels left.
You didn't know any spells.
Your spell library contained the following spells:

 Spells                   Type           Power      Damage    Failure   Level
 Scorch                   Fire           0%         2d5       95%         2
 Ozocubu's Armour         Ice            0%         N/A       99%         3
 Flame Wave               Conj/Fire      0%         2d4       100%        4
 Summon Cactus Giant      Summ           0%         N/A       100%        6
 Ozocubu's Refrigeration  Ice            0%         4d5       100%        7


Dungeon Overview and Level Annotations

Branches:
Dungeon (4/15)
 Temple: D:4-7

Altars:
Hepliaklqana
Makhleb
Vehumet


Innate Abilities, Weirdness & Mutations

You have a pair of horns on your head.
You reflexively headbutt those who attack you in melee.


Message History

You closely miss the black bear.
The black bear is heavily wounded.
The black bear bites you.
The black bear claws you but does no damage.
You block the black bear's attack. The black bear barely misses you.
The black bear claws you.
The black bear claws you but does no damage.
You hit the black bear. You headbutt the black bear.
The black bear is almost dead.
You hit the ogre but do no damage. You block the black bear's attack.
The black bear barely misses you. x2; The ogre hits you with a +0 giant club!
The black bear goes berserk!
The black bear rages.
The black bear rages.
There is a stone staircase leading down here.
You hear an angry growl.
You hear a shout!
There is a stone staircase leading down here.
You hear an angry growl.
The ogre hits you with a +0 giant club!!
* * * LOW HITPOINT WARNING * * *
The black bear rages.
The ogre closely misses you.
You see here a +0 leather armour.
The black bear is no longer berserk.
There is a stone staircase leading up here.
The ogre barely misses you.
You climb upwards.
There is a stone staircase leading down here.
You hit the black bear.
The black bear is almost dead.
You hit the ogre. You block the black bear's attack.
The black bear barely misses you.
The black bear claws you but does no damage.
The ogre closely misses you.
You hit the black bear.
You kill the black bear!
You slash the ogre!
The ogre hits you with a +0 giant club!!
You die...

......#.......#..##.'....###.#.#.
......######........##.._# #.#.#.
..##### #.#.#.######.## #.#.#.
..# ##.#.#.###########.#.#. ..#
#...................)#. .##
#..#...###...........). .#
#..##..# #..........### #########
#..##.O###..........# ........#
#..###@.............#
........###..# ######.........#
..........#..# #.........#
.......##.#..# #.........#
.......##.#..# #.........#
.............# ########'##
...)....###..# #.# .............#
#.# .........###'######## #.#


You could see an ogre.

Vanquished Creatures
  A black bear (D:3)
  A necrophage (D:4)
  A crimson imp (D:3)
  An orc priest (D:2)
  An iguana (D:4)
  Natasha (thrice) (D:2)
  3 orc wizards
  6 gnolls
  2 adders
  3 dart slugs
  6 orcs
  8 ball pythons
  7 bats
  8 endoplasms
  3 giant cockroaches
  3 goblins
  7 hobgoblins
  2 jackals (D:1)
  5 kobolds
  4 quokkas
  A jackal skeleton (D:4)
  3 rats
79 creatures vanquished.

Notes
Turn   | Place    | Note
-------+----------+-------------------------------------------
     0 | D:1      | AmazingTV the Minotaur Fighter began the quest for the Orb.
     0 | D:1      | Reached XP level 1. HP: 19/19 MP: 0/0
   101 | D:1      | Reached XP level 2. HP: 27/27 MP: 1/1
   247 | D:1      | Reached skill level 1 in Maces & Flails
   362 | D:1      | Found a faded altar of an unknown god.
   608 | D:2      | Reached skill level 1 in Invocations
   608 | D:2      | Reached XP level 3. HP: 33/33 MP: 2/2
   614 | D:2      | Reached XP level 4. HP: 40/40 MP: 3/3
   880 | D:2      | Reached skill level 1 in Crossbows
  1713 | D:2      | Noticed Natasha
  1716 | D:2      | Killed Natasha
  1717 | D:2      | Reached XP level 5. HP: 47/47 MP: 5/5
  1764 | D:2      | Noticed Natasha
  1770 | D:2      | Killed Natasha
  2079 | D:2      | Noticed Natasha
  2087 | D:2      | Killed Natasha
  2407 | D:3      | Reached XP level 6. HP: 16/53 MP: 6/6
  3267 | D:3      | Found a hazy altar of Hepliaklqana.
  3269 | D:3      | Found a faded altar of an unknown god.
  3605 | D:3      | Found a radiant altar of Vehumet.
  3605 | D:3      | Found a burning altar of Makhleb.
  3795 | D:4      | Reached skill level 5 in Fighting
  3795 | D:4      | Reached skill level 5 in Armour
  4000 | D:3      | Mangled by an ogre

Illustrated notes

Levels and vault maps discovered:
D:1:      erik_arrival_triangle_small, layout_rooms, basic_ecumenical_altar
D:2:      layout_loops_corners, hangedman_abyss_or_decor_stabs, hex_medium,
          uniq_natasha
D:3:      layout_basic, grunt_temple_overflow_lords_of_destruction,
          beargit_hepliaklqana_dungeon_heroes
D:4:      layout_gridville, minmay_temple_entry_statues_pillars, uniq_ijyb

Skill      XL: |  1  2  3  4  5  6 |
---------------+-------------------+-----
Maces & Flails | 1 2 3 |  3.4
Fighting       | 4 5 |  5.0
Armour         | 4 5 |  5.0
Invocations    | 1 2 |  2.6
Axes           | 3 4 |  4.2
Crossbows      | 1 2 |  2.5
Shields        | |  3.8

Action                   |  1- 3 |  4- 6 || total
-------------------------+-------+-------++-------
Melee: War axe           |    43 |   136 ||   179
       Headbutt          |     4 |    26 ||    30
Armor: Scale mail        |    15 |    48 ||    63
Dodge: Dodged            |    17 |    77 ||    94
Block: Buckler           |    10 |    34 ||    44
